 Dungeon Crawl Stone Soup version 0.30-a0-883-g5ad918d77d (webtiles) character file.

Game seed: 11762484187556655945

46 cheesebisquit the Trooper (level 3, -1/33 HPs)
             Began as a Draconian Fighter on Mar 17, 2023.
             Was an Initiate of Vehumet.
             Slain by Terence
             ... wielding a +3 flail of protection
              (11 damage)
             ... on level 2 of the Dungeon.
             The game lasted 00:03:46 (1064 turns).

cheesebisquit the Trooper (Draconian Fighter)       Turns: 1064, Time: 00:03:46

Health: -1/33      AC:  5    Str: 18    XL:     3   Next: 46%
Magic:  3/3        EV: 11    Int: 10    God:    Vehumet [......]
Gold:   122        SH:  4    Dex: 10    Spells: 2/2 levels left

rFire   . . .      SeeInvis .    a - +0 trident
rCold   . . .      Faith    .    b - +0 buckler
rNeg    . . .      Spirit   .    (body armour unavailable)
rPois   .          Reflect  .    (helmet restricted)
rElec   .          Rampage  .    (no cloak)
rCorr   .                        (no gloves)
Will    .....                    (no boots)
Stlth   +                        (no amulet)
HPRegen 0.25/turn                (no ring)
MPRegen 0.08/turn                (no ring)

@: no status effects
A: AC +5, unfitting armour, cold-blooded
a: Renounce Religion


You were on level 2 of the Dungeon.
You worshipped Vehumet.
Vehumet was noncommittal.
You visited 1 branch of the dungeon, and saw 2 of its levels.

You collected 122 gold pieces.

Inventory:

Hand Weapons
 a - a +0 trident (weapon)
Armour
 b - a +0 buckler (worn)
 f - a +0 ring mail
Scrolls
 d - 2 scrolls of noise {unknown}
 e - 2 scrolls of identify {unknown}
 g - a scroll of vulnerability {unknown}
 k - a scroll of fog {unknown}
 l - 2 scrolls of brand weapon {unknown}
Potions
 c - 2 potions of might
 i - a potion of curing {unknown}
 j - 2 potions of flight {unknown}
 m - 2 potions of ambrosia {unknown}
 n - a potion of magic {unknown}


   Skills:
 + Level 3.9 Fighting
 * Level 3.4 Polearms
 - Level 2.6 Dodging
 - Level 3.0 Shields


You had 2 spell levels left.
You didn't know any spells.
Your spell library contained the following spells:

 Spells                   Type           Power      Damage    Failure   Level
 Static Discharge         Conj/Air       0%         2-2/arc   58%         2
 Vhi's Electric Charge    Tloc/Air       0%         N/A       83%         3
 Arcjolt                  Conj/Air       0%         1d10      100%        5
 Lightning Bolt           Conj/Air       0%         1d11      100%        5


Dungeon Overview and Level Annotations

Branches:
Dungeon (2/15)

Altars:
Vehumet

Annotations:
D:2 Terence


Innate Abilities, Weirdness & Mutations

Your plain brown scales are hard. (AC +5)
You cannot fit into any form of body armour.
You are cold-blooded and may be slowed by cold attacks.


Message History

You throw an atropa-tipped dart.
The atropa-tipped dart barely misses Terence.
You throw an atropa-tipped dart.
The atropa-tipped dart barely misses Terence.
You throw an atropa-tipped dart. The atropa-tipped dart hits Terence.
Terence appears confused.
Terence seems less confused.
A bat comes into view.
The bat moves out of view.
You reach to attack!
You catch the helpless Terence completely off-guard!
You puncture Terence!
Terence is heavily wounded.
Terence hits you with a +3 flail of protection.
You puncture Terence!
Terence is severely wounded.
Terence is no longer blind.
Terence hits you with a +3 flail of protection.
You hit Terence but do no damage.
Terence is severely wounded.
Terence hits you with a +3 flail of protection.
The bat misses you.
You closely miss Terence.
Terence is severely wounded.
You block the bat's attack.
Terence hits you with a +3 flail of protection.
Throw: dart (atropa)
Press: ? - help, Q - select action Shift-Dir - straight line, f/p - Terence
Aim: Terence, wielding a +3 flail of protection and wearing a +0 ring mail (severely wounded, 60% to hit, chance to blind on hit: 100%)
You throw an atropa-tipped dart. The atropa-tipped dart hits Terence.
Terence appears confused.
Terence is severely wounded.
Terence seems less confused.
The bat barely misses you.
Terence hits you with a +3 flail of protection!
* * * LOW HITPOINT WARNING * * *
You hit Terence.
Terence is almost dead.
The bat hits you but does no damage.
Terence hits you with a +3 flail of protection!
You die...

#.#####.....##..###
#.#####.....###...##
#.#..(####.##...#...
#.#...# #.##...####
#.#...# #.......
#.#...# #########
#.#...#....
#..........
###@b.#... #@..#
#.### #(. ##. .. .(
...


You could see Terence (blind) and a bat.

Vanquished Creatures
  An adder (D:2)
  A gnoll (D:1)
  A worm (D:2)
  A dart slug (D:1)
  3 endoplasms (D:1)
  2 goblins
  A hobgoblin (D:2)
  2 jackals (D:1)
  5 bats (D:1)
  6 frilled lizards
  A kobold (D:2)
  3 rats
27 creatures vanquished.

Notes
Turn   | Place    | Note
-------+----------+-------------------------------------------
     0 | D:1      | cheesebisquit the Draconian Fighter began the quest for the
                  | Orb.
     0 | D:1      | Reached XP level 1. HP: 19/19 MP: 1/1
   224 | D:1      | Reached XP level 2. HP: 26/26 MP: 2/2
   632 | D:2      | Reached XP level 3. HP: 33/33 MP: 3/3
   868 | D:2      | Found a radiant altar of Vehumet.
   943 | D:2      | Became a worshipper of Vehumet
  1054 | D:2      | Noticed Terence
  1064 | D:2      | Slain by Terence

Illustrated notes

Levels and vault maps discovered:
D:1:      matt_arrival_diagonals, layout_loops_ring
D:2:      layout_basic, basic_altar, hangedman_abyss_or_decor_lesser_grid,
          minmay_lizard_pond, uniq_terence

Skill      XL: |  1  2 |
---------------+-------+-----
Polearms       | 3 |  3.4
Fighting       | |  3.9
Dodging        | |  2.6
Shields        | |  3.0

Action                     || total
---------------------------++-------
  Melee: Trident           ||    89
         Tailslap          ||     8
  Throw: Dart              ||     4
   Stab: Sleeping          ||     2
         Invisible         ||     1
 Armour: Skin              ||    23
  Dodge: Dodged            ||    37
  Block: Buckler           ||    12

Table legend: (Time is in decaauts)
 A = Elapsed time spent in this place.
 B = Non-inter-level travel time spent in this place.
 C = Inter-level travel time spent in this place.
 D = Time resting spent in this place.
 E = Time spent auto-exploring this place.
 F = Levels seen in this place.
 G = Mean time per level.
                   A        B        C        D        E       F      G
               +--------+--------+--------+--------+--------+-----+--------+
         Total |   1081 |   1003 |     78 |     48 |    730 |   2 |  540.5 |
       Dungeon |   1081 |   1003 |     78 |     48 |    730 |   2 |  540.5 |
               +--------+--------+--------+--------+--------+-----+--------+

Top non-repeatable levels by time:
     D:1: 629 daAuts
     D:2: 451 daAuts
